 Dungeon Crawl Stone Soup version 0.19-a0-682-g708bd0e (webtiles) character file.

357 Sixotanaka the Spear-Bearer (level 6, 0/44 HPs)
             Began as a Merfolk Skald on June 18, 2016.
             Slain by a slave (5 damage)
             ... led by Pikel
             ... on level 4 of the Dungeon.
             The game lasted 00:10:52 (4872 turns).

Sixotanaka the Spear-Bearer (Merfolk Skald)         Turns: 4872, Time: 00:10:53

Health: 0/44       AC:  3    Str: 13    XL:     6   Next: 64%
Magic:  9/9        EV: 11    Int: 11    God:
Gold:   230        SH:  0    Dex: 15    Spells: 3 memorised, 3 levels left

rFire  . . .     SeeInvis .     a - +0 spear
rCold  . . .     Gourm    .     b - +0 leather armour
rNeg   . . .     Faith    .     (no shield)
rPois  .         Spirit   .     (no helmet)
rElec  .         Dismiss  .     (no cloak)
rCorr  .         Reflect  .     (no gloves)
SustAt .         Harm     .     (no boots)
MR     .....                    (no amulet)
Stlth  +.........               (no ring)
                                (no ring)

@: not resistant to hostile enchantments, very unstealthy
A: change form in water, swift swim
a: no special abilities


You were on level 4 of the Dungeon.
You were not hungry.

You visited 1 branch of the dungeon, and saw 5 of its levels.

You collected 230 gold pieces.


   Skills:
 - Level 2.1 Fighting
 * Level 9.4 Polearms
 - Level 0.6 Armour
 - Level 1.3 Dodging
 - Level 2.0 Spellcasting
 + Level 4.0 Charms


You had 3 spell levels left.
You knew the following spells:

 Your Spells              Type           Power        Failure   Level  Hunger
a - Shroud of Golubria    Chrm/Tloc      #.........   24%         2    ###....
c - Spectral Weapon       Hex/Chrm       #.......     50%         3    ####...
z - Infusion              Chrm           #...         10%         1    ##.....


Dungeon Overview and Level Annotations

Branches:
Dungeon (5/15)
 Temple: D:4-7

Altars:
Elyvilon
Makhleb

Annotations:
D:4 Menkaure, Sigmund
D:5 Pikel

Inventory:

Hand Weapons
 a - a +0 spear (weapon)
Armour
 b - a +0 leather armour (worn)
Scrolls
 e - 2 scrolls of remove curse {unknown}
 g - 4 scrolls of identify {unknown}
 h - a scroll of fog {unknown}
 k - 3 scrolls of teleportation {unknown}
 m - a scroll of enchant armour {unknown}
 o - a scroll of recharging {unknown}
 q - a scroll of noise {unknown}
 r - 2 scrolls of amnesia {unknown}
 s - 2 scrolls of magic mapping {unknown}
Potions
 i - 2 potions of degeneration {unknown}
 l - 2 potions of heal wounds {unknown}
 n - a potion of curing {unknown}
 p - a potion of cure mutation {unknown}
 t - a potion of might {unknown}
 u - a potion of berserk rage {unknown}
 v - a potion of agility {unknown}
Books
 c - a book of Battle
Comestibles
 d - 6 bread rations {@e1}
 f - 2 meat rations {@e2}
 j - a beef jerky

# ##.#.# #.#.#
#....# # #.#.#
#....# # #...#
#....# # ##..#
#....# # #..#
#....# # #..#
#....# #####
#pp#####....###....
##@p.........[.....
########....###....
...(.....#### #....
########.# #.... ##
#.# #...# ..# #.#
##.## #.# #.# #.##
#.# #.# #.## ## #.#
#.# #.#


You could see 3 slaves.


Message History

You hit the black bear.
You kill the black bear!
Your Polearms skill increases to level 9!
Your Charms skill increases to level 4!
You start resting.
You start resting.
Eating one of 2 chunks of flesh.
You continue eating.
All of the chunks of flesh in your inventory have rotted away.
You continue eating.
Found a black potion.
u - a black potion Menkaure, Prince of Dust comes into view.
Menkaure shouts!
Found a burning altar of Makhleb.
Things that are here:
a ring mail; a morningstar
There is a stone staircase leading down here.
You climb downwards. 4 slaves and Pikel come into view.
Pikel is wielding a whip of freezing.
Pikel shouts!
The slave shouts! x3
Found a stone staircase leading down.
There is a stone staircase leading up here.
The slave hits you. The slave hits you! The slave barely misses you.
You climb upwards.
Level annotation: Menkaure, Sigmund
There is a stone staircase leading down here.
You closely miss the slave. You hit the slave but do no damage.
The slave hits you. x2
* * * LOW HITPOINT WARNING * * *
The slave hits you.
* * * LOW HITPOINT WARNING * * *
Unknown command.
You barely miss the slave. You hit the slave. The slave hits you.
* * * LOW HITPOINT WARNING * * *
The slave hits you.
* * * LOW HITPOINT WARNING * * *
The slave hits you.
* * * LOW HITPOINT WARNING * * *
Unknown command.
You closely miss the slave. The slave barely misses you.
The slave hits you but does no damage. The slave hits you.
* * * LOW HITPOINT WARNING * * *
Unknown command.
You closely miss the slave. You hit the slave but do no damage.
The slave hits you but does no damage. The slave hits you.
You die...

Vault maps used:
D:1:      lightli_arrival_flooded_house
D:2:      first_bread
D:3:      elyvilon_altar_1
D:4:      black_bear_nest_1, grunt_temple_overflow_order_and_chaos_2,
          kennysheep_nub, uniq_menkaure, uniq_crazy_yiuf_cottage, uniq_sigmund
D:5:      nicolae_ru_awakened_eye, uniq_pikel, uniq_prince_ribbit1, uniq_edmund

Vanquished Creatures
  A black bear (D:4)
  2 orc priests
  2 giant frog skeletons
  An orc wizard (D:3)
  2 adders
  An ooze (D:4)
  2 worms
  4 dart slugs
  2 giant geckos (D:1)
  10 orcs
  2 ball pythons (D:1)
  2 bats
  4 giant cockroaches
  6 goblins
  6 hobgoblins
  6 jackals (D:2)
  3 quokkas
  3 giant newts
  7 kobolds
  8 rats
74 creatures vanquished.

Table legend:
 A = Turns spent in this place as a percentage of turns spent in the entire game.
 B = Non-inter-level travel turns spent in this place as a percentage of non-inter-level travel turns spent in the entire game.
 C = Inter-level travel turns spent in this place as a percentage of turns spent in this place.
 D = Turns resting spent in this place as a percentage of non-inter-level travel turns spent in this place.
 E = Turns spent auto-exploring this place as a percentage of non-inter-level travel turns spent in this place.
 F = Non-inter-level travel turns spent in this place divided by the number of levels of this place that you've seen.
                   A       B       C       D       E      F
               +-------+-------+-------+-------+-------+----------------------
         Total | 100.0 | 100.0 |   0.3 |   5.1 |  16.7 | 243.0
       Dungeon | 100.0 | 100.0 |   0.3 |   5.1 |  16.7 | 243.0
               +-------+-------+-------+-------+-------+----------------------

Table legend:
 A = Kills in this place as a percentage of kills in entire the game.
 B = Kills by you in this place as a percentage of kills by you in the entire game.
 C = Kills by friends in this place as a percentage of kills by friends in the entire game.
 D = Other kills in this place as a percentage of other kills in the entire game.
 E = Experience gained in this place as a percentage of experience gained in the entire game.
 F = Experience gained in this place divided by the number of levels of this place that you have seen.
                   A       B       C       D       E      F
               +-------+-------+-------+-------+-------+----------------------
         Total | 100.0 | 100.0 |  -nan |  -nan | 100.0 | 102.0
       Dungeon | 100.0 | 100.0 |  -nan |  -nan | 100.0 | 102.0
               +-------+-------+-------+-------+-------+----------------------

Notes
Turn   | Place    | Note
--------------------------------------------------------------
     0 | D:1      | Sixotanaka the Merfolk Skald began the quest for the Orb.
     0 | D:1      | Reached XP level 1. HP: 16/16 MP: 3/3
   378 | D:1      | Reached skill level 4 in Polearms
   378 | D:1      | Reached XP level 2. HP: 21/22 MP: 5/5
   761 | D:1      | Learned a level 2 spell: Shroud of Golubria
  1160 | D:2      | Reached skill level 5 in Polearms
  1160 | D:2      | Reached XP level 3. HP: 27/27 MP: 1/6
  2070 | D:2      | Reached skill level 6 in Polearms
  2164 | D:2      | Reached XP level 4. HP: 31/33 MP: 7/7
  2435 | D:3      | Found a white marble altar of Elyvilon.
  2507 | D:3      | HP: 8/33 [orc priest/whip (9)]
  2509 | D:3      | HP: 2/33 [orc priest/whip (2)]
  2873 | D:3      | Reached skill level 7 in Polearms
  3015 | D:3      | Reached XP level 5. HP: 22/38 MP: 8/8
  3581 | D:3      | Reached skill level 8 in Polearms
  4011 | D:3      | Learned a level 3 spell: Spectral Weapon
  4204 | D:4      | Reached XP level 6. HP: 27/44 MP: 2/9
  4480 | D:4      | Noticed Sigmund
  4610 | D:4      | Noticed a black bear
  4663 | D:4      | Killed a black bear
  4663 | D:4      | Reached skill level 9 in Polearms
  4663 | D:4      | Reached skill level 4 in Charms
  4814 | D:4      | Found a burning altar of Makhleb.
  4814 | D:4      | Noticed Menkaure
  4863 | D:5      | Entered Level 5 of the Dungeon
  4863 | D:5      | Noticed Pikel
  4863 | D:5      | Noticed a slave
  4863 | D:5      | Noticed a slave
  4863 | D:5      | Noticed a slave
  4863 | D:5      | Noticed a slave
  4869 | D:4      | HP: 11/44 [slave[Pikel] (6)]
  4870 | D:4      | HP: 5/44 [slave[Pikel] (5)]
  4872 | D:4      | Slain by a slave

Action                   |  1- 3 |  4- 6 || total
-------------------------+-------+-------++-------
Melee: Spear             |   131 |   182 ||   313
       Tailslap          |       |     3 ||     3
 Cast: Infusion          |     6 |     8 ||    14
       Shroud of Golubri |     2 |     6 ||     8
 Stab: Sleeping          |     2 |     3 ||     5
  Eat: Chunk             |     4 |     7 ||    11
       Pizza             |       |     1 ||     1
       Beef jerky        |       |     1 ||     1
Armor: Leather armour    |    19 |    16 ||    35
Dodge: Dodged            |    43 |    59 ||   102
